Unix NetHack Version 5.0.0-0 post-release - last build May 17 2026 04:57:42 (dc50c8380fa5e20985bfe3072449f57b8d9895ef,branch:main).

Game began 2026-05-17 23:22:19, ended 2026-05-17 23:39:12.

ArrBianca, lawful female dwarven Archeologist

                       ---
                       |.--                         -- ---
                       |...--  ----               ---.--.---------
                       |.|..----..--------        |..............-
                  --   |@--..............|        -.......------  ----
                  |.----...----.....----.---------.--......|      ...
                  |.........--.*....|  |......--...|--.....|   ---##
                  ---........>.....--  -----......-  --...--   |...--
                  ---..............|       |.....--  --...|  ---....--
                  |.............|..-       --....----|....|  |.......|
          |   -----.......^...----...       ----....|-....----......-
          |...................|  -.....        ----.|.......|....<..|
         |..   |...--......----   ....!.|         |..*..............|
         |     ---- ---.-..|     -.....--  --     |.................-
                      |...--     0.....|   |.------...........---.....|
                      -.---       ...---   |....--.....-......| |.....-
                      ..|        -..--     |....^.............| |.......
                     |*.|        ----      --.......|...|.----- ----...--
                     | .|                   ---.--.---.----         ..--
                      ---                     ------ ---            ---
ArrBianca the Field Worker  St:9 Dx:11 Co:11 In:16 Wi:14 Ch:12  Lawful
Dlvl:4  $:46 HP:0(36) Pw:8(8) AC:10 Xp:4 T:2201  Blind Deaf

Latest messages:
 The manes hits!
 The manes hits again!
 The manes bites!
 You hear crashing rock.
 You lash the manes.
 You miss the manes.
 You miss the manes.
 You lash the manes.
 You destroy the manes!
 You lash the manes.
 You destroy the manes!
 You hear crashing rock.
 You swap places with the peaceful gnome lord.
 You see here a worthless piece of violet glass.
 You are beginning to feel hungry.
 You climb up the stairs.
 You see here a worthless piece of green glass.
 You swap places with the peaceful gnome.
 You hear crashing rock.
 You learn more about your items by comparing them.
 d - an uncursed food ration (4 in total).
 What do you want to eat? [dkxMN or ?*] d
 This food really hits the spot!
 You stop eating the food ration.
 You are momentarily blinded by a flash of light!
 You hear a deafening roar!
 It hits!
 It bites!
 It bites again!
 You lash it.
 It hits!
 It bites!
 It bites again!
 It bites!
 You miss it.
 It hits!
 It bites!
 It bites again!
 It bites!
 What do you want to eat? [dkxM-O or ?*] <space>
 Never mind.
 What do you want to drink? [ltuwAK or ?*] A
 This tastes like romanesco juice.
 You can see again.
 Call a puce potion: juice
 What do you want to drink? [ltuwK or ?*] w
 A cloud of darkness falls upon you.
 It hits!
 You die...
 Do you want an account of creatures vanquished? [ynaq] (y) q

Inventory:
 Coins    ('$')
  $ - 46 gold pieces
 Weapons  (')')
  n - 8 +2 darts (at the ready)
  a - a +2 bullwhip (weapon in right hand)
 Armor    ('[')
  c - an uncursed +0 fedora (being worn)
  v - a cursed -3 pair of low boots (being worn)
  B - an uncursed +0 oilskin cloak (being worn)
  b - an uncursed +0 leather jacket (being worn)
 Comestibles  ('%')
  k - an uncursed carrot
  d - 3 uncursed food rations
  O - an uncursed partly eaten food ration
  x - an uncursed homemade tin of acid blob
  N - an uncursed homemade tin of lichen
  M - an uncursed small glob of gray ooze
 Scrolls  ('?')
  j - an uncursed scroll of amnesia
  o - an uncursed scroll of blank paper
 Potions  ('!')
  u - an uncursed potion of extra healing
  l - an uncursed potion of healing
  K - an uncursed potion of invisibility
  t - an uncursed potion of speed
 Rings    ('=')
  y - an uncursed ring of conflict
  s - an uncursed ring of protection from shape changers
 Tools    ('(')
  h - an uncursed sack containing 1 item
  L - an uncursed brass lantern
  m - an uncursed credit card
  J - an uncursed magic lamp (lit)
  f - a tinning kit (0:89)
 Gems/Stones  ('*')
  g - an uncursed touchstone

Contents of the sack:
  an uncursed chrysoberyl stone

ArrBianca the Archeologist's attributes:

Background:
 You were a Field Worker, a level 4 female dwarven Archeologist.
 You were lawful, on a mission for Quetzalcoatl
 who was opposed by Camaxtli (neutral) and Huhetotl (chaotic).
 You were right-handed.
 You were in the Gnomish Mines, on level 4.
 You entered the dungeon 2201 turns ago.
 It was nighttime.
 There was a new moon in effect when your adventure ended.
 You had 119 experience points, 41 more were needed to attain level 5.

Basics:
 You had 0 out of 36 hit points.
 You had all 8 energy points (spell power).
 Your armor class was 10.
 Your wallet contained 46 zorkmids.
 Autopickup was on for '$?!/="+%' plus thrown, with exceptions.

Final Characteristics:
 Your strength was 9 (peak:12, limit:18/100).
 Your dexterity was 11 (limit:20).
 Your constitution was 11 (limit:20).
 Your intelligence was 16 (limit:16).
 Your wisdom was 14 (limit:16).
 Your charisma was 12 (limit:16).

Final Status:
 You were temporarily blind.
 You were deaf.
 You weren't hungry.
 You were unencumbered.
 You were wielding a whip.
 You had basic skill with whip.

Final Attributes:
 You were piously aligned.
 You would have seen invisible when not blind.
 You had automatic searching.
 You had infravision.
 You were guarded.
 You were lucky.
 You are dead.

Miscellaneous:
 You didn't encounter any bones levels.
 Total elapsed playing time was 16 minutes and 53 seconds.

Major events:
 Turn
    1: ArrBianca the lawful female dwarven Archeologist entered the dungeon
  966: attained the rank of Field Worker (level 3)
 1022: entered the Gnomish Mines
 1517: reached Mine Town
 2201: killed by a rothe

You didn't know any spells.

Skills:
 Fighting Skills
   bare handed combat [Unskilled]
   two weapon combat  [Unskilled]
   riding             [Unskilled]
 Weapon Skills
   dagger             [Unskilled]
   knife              [Unskilled]
   pick-axe           [Basic]
   short sword        [Unskilled]
   saber              [Unskilled]
   club               [Unskilled]
   quarterstaff       [Unskilled]
   sling              [Unskilled]
   dart               [Unskilled]
   boomerang          [Unskilled]
   whip               [Basic]
   unicorn horn       [Unskilled]
 Spellcasting Skills
   attack spells      [Unskilled]
   healing spells     [Unskilled]
   divination spells  [Unskilled]
   matter spells      [Unskilled]

Voluntary challenges:
 Character rerolling was not enabled.
 You never genocided any monsters.
 You never polymorphed an object.
 You never changed form.
 You used no wishes.
Achievements:
 You entered a shop.
 You attained the rank of Field Worker.
 You entered the Gnomish Mines.
 You entered Minetown.
 You entered a temple.

 The Dungeons of Doom: levels 1 to 4
    Level 1:
       Some fountains.
    Level 2:
       A general store, a fountain, a grave.
    Level 3:
       An armor shop.
       Stairs down to The Gnomish Mines.
    Level 4:
 The Gnomish Mines: levels 4 to 6
    Level 4: <- You were here.
       Final resting place for
          you, killed by a rothe.
    Level 5:
    Level 6:
       Some shops, a temple and an altar, some fountains.


Vanquished creatures:
  a rock piercer
  a gray ooze
  2 straw golems
  a kobold shaman
  a rabid rat
  a monkey
  2 acid blobs
  a gas spore
  2 manes
  2 giant rats
  a brown mold
  5 gnomes
  4 geckos
  3 goblins
  2 sewer rats
  5 grid bugs
  a bat
  2 lichens
  5 newts
42 creatures vanquished.

No species were genocided or became extinct.

Game over:
                       ----------
                      /          \
                     /    REST    \
                    /      IN      \
                   /     PEACE      \
                  /                  \
                  |    ArrBianca     |
                  |      46 Au       |
                  |   killed by a    |
                  |      rothe       |
                  |                  |
                  |                  |
                  |       2026       |
                 *|     *  *  *      | *
        _________)/\\_//(\/(/\)/\//\/|_)_______

Goodbye ArrBianca the Archeologist...

You died in The Gnomish Mines on dungeon level 4 with 778 points,
and 46 pieces of gold, after 2201 moves.
You were level 4 with a maximum of 36 hit points when you died.

